PAAA
BLOOMINGTON LONGNECKS @ NAPERVILLE BATTLEKINGS
06/19/2022
 
TOP OF THE 1ST
Bloomington Longnecks batting - Pitching for Naperville Battlekings : RHP Louis Webber
Pitching: RHP Louis Webber
Batting: SHB Todd Cisneros 0-0: Ball
1-0: Ball
2-0: Foul Ball, location: 2F
2-1: Called Strike
2-2: Ground out U3 (Groundball, 3)
Batting: RHB António Meléndez 0-0: Ball
1-0: Ground out 2-3 (Groundball, 2L)
Batting: LHB Joram Nelen 0-0: Ball
1-0: Swinging Strike
1-1: Swinging Strike
1-2: Strikes out swinging
Top of the 1st over - 0 run(s), 0 hit(s), 0 error(s), 0 left on base; Bloomington 0 - Naperville 0
BOTTOM OF THE 1ST
Naperville Battlekings batting - Pitching for Bloomington Longnecks : RHP William Waters
Pitching: RHP William Waters
Batting: RHB Scott Peterson 0-0: Ball
1-0: Ground out U3 (Groundball, 3)
Batting: RHB Joe Ferneyhough 0-0: Called Strike
0-1: Called Strike
0-2: Ball
1-2: Ball
2-2: Ground out 5-3 (Groundball, 56)
Batting: LHB Cristo Ramírez 0-0: Ball
1-0: Ball
2-0: Ball
3-0: Called Strike
3-1: Base on Balls
Batting: RHB Pedro González 0-0: Ground out 5-3 (Groundball, 5S)
Bottom of the 1st over - 0 run(s), 0 hit(s), 0 error(s), 1 left on base; Bloomington 0 - Naperville 0
TOP OF THE 2ND
Bloomington Longnecks batting - Pitching for Naperville Battlekings : RHP Louis Webber
Batting: SHB Adrián Pueblo 0-0: Ball
1-0: Foul Ball, location: 2F
1-1: Foul Ball, location: 2F
1-2: Foul Ball, location: 2F
1-2: Strikes out swinging
Batting: LHB Brad Shockley 0-0: Ball
1-0: Ball
2-0: Ball
3-0: Called Strike
3-1: SINGLE (Line Drive, 4)
Batting: RHB Iván Ríos 0-0: Called Strike
0-1: Swinging Strike
0-2: Ball
1-2: Ball
2-2: Ball
3-2: Strikes out swinging
Batting: LHB Carl Pierce 0-0: SINGLE (Line Drive, 78S)
Brad Shockley to second
Batting: RHB Luis Fierro 0-0: Called Strike
0-1: Ground out 5-3 (Groundball, 5)
Top of the 2nd over - 0 run(s), 2 hit(s), 0 error(s), 2 left on base; Bloomington 0 - Naperville 0
BOTTOM OF THE 2ND
Naperville Battlekings batting - Pitching for Bloomington Longnecks : RHP William Waters
Batting: RHB Sal Haynes 0-0: Ground out 4-3 (Groundball, 4)
Batting: RHB Carlos Gómez 0-0: Swinging Strike
0-1: Called Strike
0-2: Fly out, F9 (Flyball, 89M)
Batting: RHB Marcus Wade 0-0: Called Strike
0-1: Ground out 4-3 (Groundball, 4)
Bottom of the 2nd over - 0 run(s), 0 hit(s), 0 error(s), 0 left on base; Bloomington 0 - Naperville 0
TOP OF THE 3RD
Bloomington Longnecks batting - Pitching for Naperville Battlekings : RHP Louis Webber
Batting: SHB Albert Santos 0-0: Ball
1-0: Ball
2-0: Ball
3-0: Base on Balls
Batting: SHB Todd Cisneros 0-0: Ball
1-0: Ball
2-0: Grounds into double play, 5-4-3 (Groundball, 56)
Batting: RHB António Meléndez 0-0: Ball
1-0: Called Strike
1-1: DOUBLE (Flyball, 7LM)
Batting: LHB Joram Nelen 0-0: Ball
1-0: Called Strike
1-1: Ball
2-1: Swinging Strike
2-2: Strikes out looking
Top of the 3rd over - 0 run(s), 1 hit(s), 0 error(s), 1 left on base; Bloomington 0 - Naperville 0
BOTTOM OF THE 3RD
Naperville Battlekings batting - Pitching for Bloomington Longnecks : RHP William Waters
Batting: RHB Kevin Tyler 0-0: Foul Ball, location: 2F
0-1: Fly out, F7 (Flyball, 7D)
Batting: LHB Alfonso Martínez 0-0: Ball
1-0: Foul Ball, location: 2F
1-1: Ball
2-1: Foul Ball, location: 2F
2-2: Ball
3-2: Foul Ball, location: 2F
3-2: Strikes out swinging
Batting: RHB Scott Peterson 0-0: Ball
1-0: Swinging Strike
1-1: Ball
2-1: Ball
3-1: Base on Balls
Batting: RHB Joe Ferneyhough 0-0: Ball
1-0: Fly out, F3 (Popup, 23F)
Bottom of the 3rd over - 0 run(s), 0 hit(s), 0 error(s), 1 left on base; Bloomington 0 - Naperville 0
TOP OF THE 4TH
Bloomington Longnecks batting - Pitching for Naperville Battlekings : RHP Louis Webber
Batting: SHB Adrián Pueblo 0-0: Ball
1-0: Swinging Strike
1-1: Foul Ball, location: 2F
1-2: Ball
2-2: Ball
3-2: Strikes out swinging
Batting: LHB Brad Shockley 0-0: Ball
1-0: Ball
2-0: Called Strike
2-1: Foul Ball, location: 2F
2-2: Fly out, F7 (Flyball, 7LM)
Batting: RHB Iván Ríos 0-0: Called Strike
0-1: Fly out, F9 (Flyball, 89S)
Top of the 4th over - 0 run(s), 0 hit(s), 0 error(s), 0 left on base; Bloomington 0 - Naperville 0
BOTTOM OF THE 4TH
Naperville Battlekings batting - Pitching for Bloomington Longnecks : RHP William Waters
Batting: LHB Cristo Ramírez 0-0: Called Strike
0-1: Called Strike
0-2: Fly out, F8 (Flyball, 78M)
Batting: RHB Pedro González 0-0: Swinging Strike
0-1: Called Strike
0-2: SOLO HOME RUN (Flyball, 7LD), Distance : 359 ft
Batting: RHB Sal Haynes 0-0: Ball
1-0: Called Strike
1-1: Ball
2-1: Ball
3-1: SINGLE (Line Drive, 89S)
Batting: RHB Carlos Gómez 0-0: Ball
1-0: Grounds into double play, 6-4-3 (Groundball, 6)
Bottom of the 4th over - 1 run(s), 2 hit(s), 0 error(s), 0 left on base; Bloomington 0 - Naperville 1
TOP OF THE 5TH
Bloomington Longnecks batting - Pitching for Naperville Battlekings : RHP Louis Webber
Batting: LHB Carl Pierce 0-0: Swinging Strike
0-1: Foul Ball, location: 2F
0-2: Foul Ball, location: 2F
0-2: Ball
1-2: Ball
2-2: Fly out, F9 (Line Drive, 89M)
Batting: RHB Luis Fierro 0-0: Called Strike
0-1: Foul Ball, location: 2F
0-2: Foul Ball, location: 2F
0-2: Strikes out swinging
Batting: SHB Albert Santos 0-0: Called Strike
0-1: Fly out, F9 (Line Drive, 9M)
Top of the 5th over - 0 run(s), 0 hit(s), 0 error(s), 0 left on base; Bloomington 0 - Naperville 1
BOTTOM OF THE 5TH
Naperville Battlekings batting - Pitching for Bloomington Longnecks : RHP William Waters
Batting: RHB Marcus Wade 0-0: Called Strike
0-1: Foul Ball, location: 2F
0-2: Ball
1-2: Ball
2-2: Strikes out looking
Batting: RHB Kevin Tyler 0-0: Called Strike
0-1: Ball
1-1: Ball
2-1: SOLO HOME RUN (Flyball, 89XD), Distance : 410 ft
Batting: LHB Alfonso Martínez 0-0: Ball
1-0: Foul Ball, location: 2F
1-1: Called Strike
1-2: Ground out U3 (Groundball, 3)
Batting: RHB Scott Peterson 0-0: Fly out, F9 (Flyball, 9M)
Bottom of the 5th over - 1 run(s), 1 hit(s), 0 error(s), 0 left on base; Bloomington 0 - Naperville 2
TOP OF THE 6TH
Bloomington Longnecks batting - Pitching for Naperville Battlekings : RHP Louis Webber
Batting: SHB Todd Cisneros 0-0: Foul Ball, location: 2F
0-1: Swinging Strike
0-2: Ball
1-2: Ball
2-2: Strikes out swinging
Batting: RHB António Meléndez 0-0: Ball
1-0: Ball
2-0: Ball
3-0: Base on Balls
Batting: LHB Joram Nelen 0-0: Called Strike
0-1: Ground out U3 (Groundball, 3S)
António Meléndez to second
Batting: SHB Adrián Pueblo 0-0: Called Strike
0-1: SINGLE (Groundball, 5L)
António Meléndez to third
Runner from 3rd tries for Home, SAFE, no throw or cutoff
Batting: LHB Brad Shockley 0-0: Called Strike
0-1: Ball
1-1: Swinging Strike
1-2: Ball
2-2: Fly out, F2 (Popup, 2LF)
Top of the 6th over - 1 run(s), 1 hit(s), 0 error(s), 1 left on base; Bloomington 1 - Naperville 2
BOTTOM OF THE 6TH
Naperville Battlekings batting - Pitching for Bloomington Longnecks : RHP William Waters
Batting: RHB Joe Ferneyhough 0-0: Ground out 5-3 (Groundball, 56)
Batting: LHB Cristo Ramírez 0-0: Ball
1-0: Called Strike
1-1: Foul Ball, location: 2F
1-2: Ball
2-2: Ball
3-2: Strikes out swinging
Batting: RHB Pedro González 0-0: Ball
1-0: Fly out, F9 (Flyball, 9D)
Bottom of the 6th over - 0 run(s), 0 hit(s), 0 error(s), 0 left on base; Bloomington 1 - Naperville 2
TOP OF THE 7TH
Bloomington Longnecks batting - Pitching for Naperville Battlekings : RHP Louis Webber
Batting: RHB Iván Ríos 0-0: Ball
1-0: Ball
2-0: Called Strike
2-1: Foul Ball, location: 2F
2-2: Strikes out swinging
Batting: LHB Carl Pierce 0-0: Ball
1-0: Swinging Strike
1-1: Ground out 4-3 (Groundball, 4)
Batting: RHB Luis Fierro 0-0: SOLO HOME RUN (Line Drive, 7LD), Distance : 347 ft
Batting: SHB Albert Santos 0-0: Foul Ball, location: 2F
0-1: Ball
1-1: Fly out, F7 (Flyball, 7D)
Top of the 7th over - 1 run(s), 1 hit(s), 0 error(s), 0 left on base; Bloomington 2 - Naperville 2
BOTTOM OF THE 7TH
Naperville Battlekings batting - Pitching for Bloomington Longnecks : RHP William Waters
Pinch Hitting: LHB Jim Unknown 0-0: Ball
1-0: SINGLE (Line Drive, 9S)
Batting: RHB Carlos Gómez 0-0: SINGLE (Line Drive, 5D)
Jim Unknown to second
Pinch Hitting: RHB Earnest Veeck 0-0: Bunt - Flyout! F1
Batting: RHB Kevin Tyler 0-0: Ball
1-0: Ball
2-0: Ball
3-0: Called Strike
3-1: SINGLE (Line Drive, 78M)
Jim Unknown to third
Carlos Gómez to second
Runner from 3rd tries for Home, SAFE, throw made at trailing runner, OUT at third!
Pinch Hitting: SHB Daryl Lloyd 0-0: Ball
1-0: SINGLE (Flyball, 8LS)
Kevin Tyler to second
Pinch Hitting: RHB Tony Sánchez 0-0: Called Strike
0-1: Swinging Strike
0-2: Strikes out swinging
Bottom of the 7th over - 1 run(s), 4 hit(s), 0 error(s), 2 left on base; Bloomington 2 - Naperville 3
TOP OF THE 8TH
Bloomington Longnecks batting - Pitching for Naperville Battlekings : RHP Louis Webber
Pitching: LHP Jason Puckett
Now at 1B: Jack Mason
Now at 2B: Tony Sánchez
Now at SS: Otso Tuulari
Now in CF: Jim Unknown
Now in RF: Daryl Lloyd
Batting: SHB Todd Cisneros 0-0: Ball
1-0: SINGLE (Line Drive, 6MD)
Pitching: RHP Colt Harris
Batting: RHB António Meléndez 0-0: Sac Bunt - play at second, runner OUT! 2-6
Pitching: RHP Carl O'Malloy
Batting: LHB Joram Nelen 0-0: Ball
1-0: SINGLE (Line Drive, 34)
António Meléndez to second
Batting: SHB Adrián Pueblo 0-0: Called Strike
Throwing error on steal attempt, E2
António Meléndez scores
Joram Nelen to third
0-1: Ball
1-1: Ball
2-1: Fly out, F8 (Line Drive, 8RXD)
Runner from 3rd tags up, SCORES, no throw
Batting: LHB Brad Shockley 0-0: Ground out 4-3 (Groundball, 4M)
Top of the 8th over - 2 run(s), 2 hit(s), 1 error(s), 0 left on base; Bloomington 4 - Naperville 3
BOTTOM OF THE 8TH
Naperville Battlekings batting - Pitching for Bloomington Longnecks : RHP William Waters
Now at 1B: Ted Cracknell
Batting: RHB Joe Ferneyhough 0-0: Ball
1-0: Ball
2-0: Fly out, F7 (Flyball, 78D)
Batting: LHB Cristo Ramírez 0-0: Ball
1-0: Ball
2-0: Called Strike
2-1: Fly out, F6 (Popup, 5D)
Batting: RHB Pedro González 0-0: SINGLE (Line Drive, 7LS)
Batting: LHB Jim Unknown 0-0: Ball
1-0: Ball
2-0: SINGLE (Line Drive, 56D)
Pedro González to second
Batting: RHB Carlos Gómez 0-0: Foul Ball, location: 2F
0-1: Fly out, F9 (Flyball, 9LM)
Bottom of the 8th over - 0 run(s), 2 hit(s), 0 error(s), 2 left on base; Bloomington 4 - Naperville 3
TOP OF THE 9TH
Bloomington Longnecks batting - Pitching for Naperville Battlekings : RHP Carl O'Malloy
Batting: RHB Iván Ríos 0-0: Foul Ball, location: 2F
0-1: Ball
1-1: Swinging Strike
1-2: Strikes out looking
Batting: LHB Carl Pierce 0-0: Ball
1-0: Ball
2-0: Called Strike
2-1: Ball
3-1: Base on Balls
Pinch Hitting: SHB Juan Gil 0-0: Ball
1-0: Ball
2-0: Called Strike
2-1: Fly out, F8 (Flyball, 8LM)
Batting: SHB Albert Santos 0-0: Called Strike
0-1: Called Strike
0-2: Strikes out swinging
Top of the 9th over - 0 run(s), 0 hit(s), 0 error(s), 1 left on base; Bloomington 4 - Naperville 3
BOTTOM OF THE 9TH
Naperville Battlekings batting - Pitching for Bloomington Longnecks : RHP William Waters
Pitching: LHP Johnny Joyce
Now at 3B: Noriaki Okada
Batting: RHB Otso Tuulari 0-0: Swinging Strike
0-1: Called Strike
0-2: Foul Ball, location: 2F
0-2: Ball
1-2: SOLO HOME RUN (Line Drive, 7LD), Distance : 340 ft
Batting: LHB Jack Mason 0-0: Called Strike
0-1: Foul Ball, location: 2F
0-2: Fly out, F9 (Line Drive, 9S)
Batting: SHB Daryl Lloyd 0-0: Called Strike
0-1: Foul Ball, location: 2F
0-2: Ball
1-2: Ball
2-2: Strikes out looking
Batting: RHB Tony Sánchez 0-0: Ball
1-0: Ball
2-0: Swinging Strike
2-1: Ball
3-1: Foul Ball, location: 2F
3-2: SINGLE (Groundball, 13) (infield hit)
Batting: RHB Joe Ferneyhough 0-0: Ball
1-0: Foul Ball, location: 2F
1-1: Ball
2-1: Ball
3-1: Called Strike
3-2: Foul Ball, location: 2F
3-2: SINGLE (Groundball, 4MD)
Tony Sánchez to second
Tony Sánchez to third
Batting: LHB Cristo Ramírez 0-0: Called Strike
0-1: SINGLE (Flyball, 89S)
Tony Sánchez scores
This league is powered by Out of the Park Baseball, the baseball management simulation game for PC, Mac and Linux
Friday, April 15th, 2016 - OOTP Baseball 16.9 Build 39